 Dungeon Crawl Stone Soup version 0.25-a0-424-g80bd347ae0 (webtiles) character file.

Game seed: 11702943419948456536, levelgen mode: deterministic

17 Kohma the Sneak (level 2, 0/22 HPs)
             Began as a Naga Enchanter on Jan 23, 2020.
             Slain by a bat (1 damage)
             ... on level 1 of the Dungeon.
             The game lasted 00:02:56 (922 turns).

Kohma the Sneak (Naga Enchanter)                     Turns: 922, Time: 00:02:56

Health: 0/22       AC:  1    Str: 10    XL:     2   Next: 62%
Magic:  1/5        EV: 10    Int: 15    God:
Gold:   24         SH:  0    Dex: 11    Spells: 2/5 levels left

rFire    . . .     SeeInvis +   j - +0 dagger (venom)
rCold    . . .     Gourm    .   (no shield)
rNeg     . . .     Faith    .   b - +0 robe
rPois    +         Spirit   .   (no helmet)
rElec    .         Reflect  .   (no cloak)
rCorr    .         Harm     .   (no gloves)
MR       .....                  (no barding)
Stlth    +++.......             (no amulet)
HPRegen  0.07/turn              (no ring)
MPRegen  0.09/turn              (no ring)

@: very slightly contaminated, very slow
A: large, see invisible, deformed body, poison resistance, slowness 2, slow
metabolism 1, spit poison 1, AC +0
a: Spit Poison


You were on level 1 of the Dungeon.
You were not hungry.

You visited 1 branch of the dungeon, and saw 1 of its levels.

You collected 24 gold pieces.

Inventory:

Hand Weapons
 a - a +1 dagger
 j - a +0 dagger of venom (weapon)
 k - a +1 dagger of pain
Armour
 b - a +0 robe (worn)
Scrolls
 c - a scroll of teleportation {unknown}
 e - a scroll of remove curse {unknown}
 f - 2 scrolls of identify {unknown}
 h - a scroll of enchant weapon {unknown}
 l - a scroll of fear {unknown}
 m - a scroll of enchant armour {unknown}
Potions
 g - 2 potions of haste {unknown}
Comestibles
 d - 3 rations


   Skills:
 - Level 1.0 Short Blades
 - Level 1.5 Dodging
 + Level 4.7 Stealth
 + Level 2.3 Spellcasting
 * Level 3.3 Hexes
 * Level 0.4 Ice Magic


You had 2 spell levels left.
You knew the following spells:

 Your Spells              Type           Power        Failure   Level  Hunger
a - Corona                Hex            ##.....      5%          1    #......
b - Ensorcelled Hibernat  Hex/Ice        #.....       16%         2    ###....

Your spell library contained the following spells:

 Spells                   Type           Power        Failure   Level  Hunger
 Confusing Touch          Hex            ##......     17%         3    ###....
 Tukima's Dance           Hex            ##......     17%         3    ###....
 Dazzling Flash           Conj/Hex       #.....       32%         3    ###....


Dungeon Overview and Level Annotations

Branches:
Dungeon (1/15)

Altars:


Innate Abilities, Weirdness & Mutations

You cannot wear boots.
Your serpentine skin is tough. (AC +0)
You have supernaturally acute eyesight. (SInv)
Armour fits poorly on your strangely shaped body.
Your system is resistant to poisons. (rPois)
You cover ground very slowly.
You have a slow metabolism.
You can spit poison.


Message History

Casting: Ensorcelled Hibernation (safe; 16% risk of failure)
Confirm with . or Enter, or press ? or * to list all spells.
Aiming: Ensorcelled Hibernation (safe; 16% risk of failure)
Press: ? - help, Shift-Dir - straight line, f/p - hobgoblin
Aim: a hobgoblin (chance to defeat MR: 56%)
You miscast Ensorcelled Hibernation.
You are very lightly contaminated with residual magic.
Your hands feel numb with cold.
The bat barely misses you. The bat closely misses you. The hobgoblin hits you.
* * * LOW HITPOINT WARNING * * *
A giant cockroach comes into view.
You closely miss the hobgoblin. The bat closely misses you.
The bat hits you but does no damage. The hobgoblin hits you.
* * * LOW HITPOINT WARNING * * *
You hit the bat but do no damage.
The bat is poisoned.
The bat barely misses you. The bat closely misses you. The bat misses you.
The bat hits you but does no damage.
The hobgoblin hits you but does no damage.
The bat hits you.
You die...

###### .....# .. #.# ####.#
.. #.# #.# . ... #.# .###.###
#.# #+# #...... . ####.# #.#
#.##.####...
.....#########.###g#.........
................@b.g.s.......
##############.###K#.....#+##
##############.# #.#.###.....
...............# #.#.# ....
.############### #.#.# ...
........ ..#.. .# .........
##### # ......... ........#


You could see a giant cockroach, 2 hobgoblins, a bat and a kobold.

Vanquished Creatures
  A dart slug (D:1)
  2 leopard geckos (D:1)
  2 hobgoblins (D:1)
  A ball python (D:1)
  3 goblins (D:1)
  3 kobolds (D:1)
  A rat (D:1)
13 creatures vanquished.

Notes
Turn   | Place    | Note
-------+----------+-------------------------------------------
     0 | D:1      | Kohma the Naga Enchanter began the quest for the Orb.
     0 | D:1      | Reached XP level 1. HP: 15/15 MP: 3/3
   428 | D:1      | Reached XP level 2. HP: 18/22 MP: 5/5
   656 | D:1      | Learned a level 2 spell: Ensorcelled Hibernation
   919 | D:1      | HP: 1/22 [hobgoblin (4)]
   922 | D:1      | Slain by a bat

Levels and vault maps discovered:
D:1:      dpeg_arrival_line_fractal, layout_basic, hangedman_decor_growths

Action                   || total
-------------------------++-------
Melee: Dagger            ||    48
 Cast: Ensorcelled Hiber ||     2
 Abil: Spit Poison       ||     1
 Stab: Sleeping          ||     5
Armor: Robe              ||     9
Dodge: Dodged            ||    27

Table legend:
 A = Non-vault XP
 B = Vault XP
 C = Vault XP percentage of total XP
 D = Non-vault monster count
 E = Vault monster count
 F = Vault count percentage of total count
                 A         B        C        D         E       F
            +---------+---------+-------+---------+---------+-------
      Total |      25 |       0 |   0.0 |      13 |       0 |   0.0
            +---------+---------+-------+---------+---------+-------
        D:1 |      25 |       0 |   0.0 |      13 |       0 |   0.0
            +---------+---------+-------+---------+---------+-------
